 Dungeon Sprint DCSS version 0.28.0-45-g0d030f2227 (webtiles) character file.

Game seed: 10033234224356895776

2472 Groucho the Unseen (level 9, -15/43 HPs)
             Began as a Spriggan Enchanter on Apr 4, 2022.
             Was an Initiate of Dithmenos.
             Demolished by a polar bear (18 damage)
             ... in the Dungeon (Sprint II: "The Violet Keep of Menkaure").
             The game lasted 00:06:10 (928 turns).

Groucho the Unseen (Spriggan Enchanter)              Turns: 928, Time: 00:06:11

Health: -15/43     AC:  2    Str:  5 (6)  XL:     9   Next: 26%
Magic:  13/25      EV: 25    Int: 17      God:    Dithmenos [......]
Gold:   972        SH:  0    Dex: 15      Spells: 20/31 levels left

rFire   . . .      SeeInvis +   a - +1 dagger
rCold   . . .      Faith    .   (no shield)
rNeg    . . .      Spirit   .   b - +0 robe
rPois   .          Reflect  .   (helmet restricted)
rElec   .          Harm     .   (no cloak)
rCorr   .          Rampage  .   (gloves unavailable)
Will    +....      NoTele   +   (boots unavailable)
Stlth   ++++++....              (no amulet)
HPRegen 0.14/turn               (no ring)
MPRegen 0.19/turn               (no ring)

@: very quick
A: very small, no large weapons, unfitting armour, see invisible, speed 3,
deterioration 1, weak 1, subdued magic 1
a: Renounce Religion


You were in the Dungeon.
You worshipped Dithmenos.
Dithmenos was noncommittal.
You visited 1 branch You collected 972 gold pieces.

Inventory:

Hand Weapons
 a - a +1 dagger (weapon)
Armour
 b - a +0 robe (worn)
Scrolls
 i - a scroll of blinking
Potions
 d - a potion of curing
 e - a potion of heal wounds
 g - 2 potions of magic
 h - a potion of berserk rage


   Skills:
 + Level 2.7 Fighting
 - Level 10.0 Short Blades
 + Level 12.8 Dodging
 - Level 15.0 Stealth
 + Level 11.8 Spellcasting
 + Level 12.1 Hexes


You had 20 spell levels left.
You knew the following spells:

 Your Spells              Type           Power      Damage    Failure   Level
a - Confusing Touch       Hex            39%        N/A       1%          3
b - Ensorcelled Hibernat  Hex/Ice        46%        N/A       1%          2
c - Dazzling Flash        Conj/Hex       46%        N/A       1%          3
d - Tukima's Dance        Hex            39%        N/A       1%          3

Your spell library contained the following spells:

 Spells                   Type           Power      Damage    Failure   Level


Dungeon Overview and Level Annotations

Branches:
Dungeon (1/1)

Altars:
Cheibriados
Dithmenos
Elyvilon
Fedhas
Gozag
Hepliaklqana
Kikubaaqudgha
Makhleb
Nemelex Xobeh
Okawaru
Qazlal
Ru
Sif Muna
Trog
Uskayaw
Vehumet
Wu Jian
Xom
Yredelemnul
Zin
The Shining One
Beogh
Jiyva
Lugonu

Shops:
D :(=[[[!(:(=?([!

Annotations:
D exclusion: oklob plant


Innate Abilities, Weirdness & Mutations

You are very small and have problems with some larger weapons.
You are too small for most types of armour.
You have supernaturally acute eyesight. (SInv)
You cover ground extremely quickly. (Speed+++)
Your body sometimes deteriorates upon taking damage.
You are weak. (Str -2)
Your spells are a little easier to cast, but a little less powerful.


Message History

The polar bear completely misses you.
There is an open door here.
You barely miss the hornet.
The hornet is almost dead.
The polar bear closely misses you. The polar bear barely misses you.
The polar bear completely misses you. The hornet completely misses you.
You hit the polar bear but do no damage.
The polar bear appears confused.
Casting: Confusing Touch (safe; 1% risk of failure)
Confirm with . or Enter, or press ? or * to list all spells.
Aiming: Ensorcelled Hibernation (safe; 1% risk of failure)
Press: ? - help, Shift-Dir - straight line, f - yaktaur, p - hornet
Aim: a yaktaur, quivering bolts (chance to affect: 37%)
The yaktaur easily resists.
The yaktaur hits you but does no damage.
The polar bear closely misses you. The polar bear barely misses you.
The polar bear completely misses you.
The polar bear bites itself!
The polar bear claws itself but does no damage. x2
Unknown command.
Casting: Ensorcelled Hibernation (safe; 1% risk of failure)
Confirm with . or Enter, or press ? or * to list all spells.
Aiming: Ensorcelled Hibernation (safe; 1% risk of failure)
Press: ? - help, Shift-Dir - straight line, f/p - yaktaur
Aim: a yaktaur, quivering bolts (chance to affect: 37%)
The yaktaur easily resists.
The polar bear growls angrily.
The polar bear barely misses you. The polar bear completely misses you.
The polar bear misses you. The yaktaur hits you!
Casting: Ensorcelled Hibernation (safe; 1% risk of failure)
Confirm with . or Enter, or press ? or * to list all spells.
Aiming: Ensorcelled Hibernation (safe; 1% risk of failure)
Press: ? - help, Shift-Dir - straight line, f/p - yaktaur
Aim: a yaktaur, quivering bolts (chance to affect: 37%)
The yaktaur easily resists.
The polar bear misses you. The polar bear completely misses you.
The polar bear closely misses you. The yaktaur hits you!
* * * LOW HITPOINT WARNING * * *
Your body deteriorates!
You feel weakened. The polar bear bites you!!
You die...

##.# ...# ...# #.####..##
#..# .# (!$ '###.##..#
+..# .#▓$:)!$ .###..#..#
#..# .#▓"?()!!
<.'.##'..####^.##.#▓[?!$[$
.###..#....###...##▓▓▓▓▓▓▓
+###.##......≈≈yh≈≈≈≈≈≈≈≈≈
#.####≈≈.....≈#c########+#
#..#≈≈≈≈≈≈§..≈#h@..._..#≈≈
#.##≈≈§≈≈≈≈≈.≈#h..._._.#S§
'##≈≈≈≈≈§≈≈≈≈≈#..._._._#§§
≈≈≈≈≈≈≈≈§≈§≈§≈#.._._._.#≈≈
#+++#≈≈≈§≈§§≈≈#._._._._#≈§
°§ ##≈≈≈###§§#_._._._.#≈S
z§ #≈§#._._._._#§§ ≈≈.
#≈§#_._._...#≈§ ≈
§≈§##########§≈


You could see 3 polar bears, a yaktaur and a hornet.

Vanquished Creatures
  2 boulder beetles (D)
  4 flying skulls (D)
  3 neqoxecs (D)
  Menkaure (D)
  4 scorpions (D)
  3 worms (D)
17 creatures vanquished.

Vanquished Creatures (others)
  A neqoxec (D)
  A water moccasin (D)
2 creatures vanquished.

Grand Total: 19 creatures vanquished

Notes
Turn   | Place    | Note
-------+----------+-------------------------------------------
     0 | D        | Groucho the Spriggan Enchanter began the quest for the Orb.
     0 | D        | Reached XP level 1. HP: 9/9 MP: 5/5
     2 | D        | Noticed a neqoxec
     2 | D        | Noticed a neqoxec
     2 | D        | Noticed a neqoxec
     2 | D        | Noticed a neqoxec
    13 | D        | Reached skill level 5 in Stealth
    14 | D        | Reached XP level 2. HP: 13/13 MP: 5/7
    19 | D        | Noticed a scorpion
    19 | D        | Noticed a scorpion
    21 | D        | Noticed a scorpion
    21 | D        | Noticed a scorpion
    22 | D        | Killed a scorpion
    23 | D        | Reached skill level 5 in Dodging
    23 | D        | Reached skill level 7 in Stealth
    23 | D        | Reached skill level 5 in Hexes
    23 | D        | Reached XP level 3. HP: 16/16 MP: 6/10
    23 | D        | Reached XP level 4. HP: 21/21 MP: 6/11
    23 | D        | Killed a scorpion
    24 | D        | Reached skill level 8 in Stealth
    24 | D        | Reached skill level 5 in Spellcasting
    25 | D        | Killed a scorpion
    26 | D        | Reached skill level 5 in Short Blades
    26 | D        | Reached skill level 9 in Stealth
    26 | D        | Reached XP level 5. HP: 24/24 MP: 6/15
    31 | D        | Noticed a boulder beetle
    31 | D        | Noticed a boulder beetle
    40 | D        | Killed a boulder beetle
    41 | D        | Reached skill level 10 in Dodging
    41 | D        | Reached skill level 12 in Stealth
    41 | D        | Reached XP level 6. HP: 28/28 MP: 7/19
    41 | D        | Reached XP level 7. HP: 32/32 MP: 7/21
    45 | D        | Killed a boulder beetle
    46 | D        | Reached skill level 13 in Stealth
    46 | D        | Reached skill level 10 in Spellcasting
    46 | D        | Reached skill level 10 in Hexes
    46 | D        | Reached XP level 8. HP: 36/36 MP: 7/23
    90 | D        | Learned a level 3 spell: Confusing Touch
    93 | D        | Learned a level 2 spell: Ensorcelled Hibernation
    97 | D        | Learned a level 3 spell: Dazzling Flash
   101 | D        | Learned a level 3 spell: Tukima's Dance
   319 | D        | Gained mutation: Your body sometimes deteriorates upon
                  | taking damage. [a neqoxec]
   326 | D        | Gained mutation: You are weak. (Str -2) [a neqoxec]
   329 | D        | Reached skill level 14 in Stealth
   340 | D        | Gained mutation: Your spells are a little easier to cast,
                  | but a little less powerful. [a neqoxec]
   362 | D        | Noticed a flying skull
   362 | D        | Noticed a flying skull
   362 | D        | Noticed a flying skull
   362 | D        | Noticed a flying skull
   363 | D        | Noticed a flying skull
   363 | D        | Noticed a flying skull
   363 | D        | Noticed a flying skull
   364 | D        | Noticed a flying skull
   365 | D        | Noticed a flying skull
   366 | D        | Noticed a flying skull
   368 | D        | Killed a flying skull
   368 | D        | Noticed a flying skull
   369 | D        | Reached skill level 10 in Short Blades
   640 | D        | Found Alur Qes's Antique Weapon Shop.
   640 | D        | Found Ravomna's Magic Scroll Shop.
   640 | D        | Found Ufoal's Book Boutique.
   640 | D        | Found Iniawiterph's Antique Weapon Shop.
   640 | D        | Found Nierchoro's Jewellery Shop.
   640 | D        | Found Galeible's Antique Armour Shop.
   640 | D        | Found Zugahargh's Distillery.
   641 | D        | Found Gecankuq's Distillery.
   641 | D        | Found Zexkaenk's Weapon Boutique.
   641 | D        | Found Husew's Antique Armour Boutique.
   641 | D        | Found Jeodykloota's Antique Armour Shop.
   641 | D        | Found Itiynix's Antique Armour Boutique.
   641 | D        | Noticed Menkaure
   642 | D        | Found Tuosiygi's Jewellery Shop.
   642 | D        | Found Tuloalij's Weapon Boutique.
   643 | D        | Noticed an oklob plant
   645 | D        | Found Fydd's Book Shoppe.
   646 | D        | Noticed an unseen horror
   648 | D        | Killed Menkaure
   649 | D        | Reached XP level 9. HP: 40/40 MP: 21/25
   660 | D        | Reached skill level 1 in Fighting
   667 | D        | Reached skill level 15 in Stealth
   891 | D        | Found a blossoming altar of Fedhas.
   892 | D        | Found a white marble altar of Elyvilon.
   893 | D        | Found a shadowy altar of Dithmenos.
   893 | D        | Found a corrupted altar of Lugonu.
   893 | D        | Found an opulent altar of Gozag.
   893 | D        | Found a burning altar of Makhleb.
   894 | D        | Found a snail-covered altar of Cheibriados.
   894 | D        | Found an ancient bone altar of Kikubaaqudgha.
   894 | D        | Found a bloodstained altar of Trog.
   895 | D        | Found a viscous altar of Jiyva.
   895 | D        | Found a shimmering blue altar of Sif Muna.
   896 | D        | Found a hazy altar of Hepliaklqana.
   896 | D        | Found a sacrificial altar of Ru.
   897 | D        | Found a stormy altar of Qazlal.
   897 | D        | Found an ornate altar of the Wu Jian Council.
   897 | D        | Found a shimmering altar of Xom.
   897 | D        | Noticed a polar bear
   899 | D        | Found a sparkling altar of Nemelex Xobeh.
   899 | D        | Found a hide-covered altar of Uskayaw.
   899 | D        | Found a basalt altar of Yredelemnul.
   899 | D        | Found a glowing golden altar of the Shining One.
   899 | D        | Noticed a polar bear
   900 | D        | Found a radiant altar of Vehumet.
   900 | D        | Found an iron altar of Okawaru.
   900 | D        | Found a glowing silver altar of Zin.
   900 | D        | Noticed a yaktaur
   901 | D        | Noticed a polar bear
   904 | D        | Became a worshipper of Dithmenos the Shadowed
   928 | D        | Demolished by a polar bear

Illustrated notes

Levels and vault maps discovered:
D:        the_violet_keep_of_menkaure [sprint2_stairs_cluster_1,
          sprint2_shoproom, sprint2_temple, sprint2_basic_supplies,
          sprint2_obstacle_1, sprint2_obstacle_5, sprint2_obstacle_2,
          sprint2_obstacle_3, sprint2_obstacle_6, sprint2_timed_cluster_1,
          sprint2_smallroom_cluster_1, sprint2_smallroom_final_cluster_1,
          sprint2_transparent_cluster_1, sprint2_second_timed_cluster_1,
          sprint2_sniper_area_1, sprint2_heavy_combat_area_1,
          sprint2_mutation_trap_area_1, sprint2_forest_area_1,
          sprint2_light_combat_area_1, sprint2_behind_water_1,
          sprint2_near_end_vault_1]

Skill      XL: |  1  2  3  4  5  6  7  8  9 |
---------------+----------------------------+-----
Dodging        | 3 5 7 10 11 12 | 12.8
Spellcasting   | 3 4 6 9 10 11 | 11.8
Hexes          | 4 5 7 9 10 11 12 | 12.1
Short Blades   | 2 3 5 8 9 10 | 10.0
Stealth        | 5 7 9 12 13 14 15 | 15.0
Fighting       | 2 |  2.7

Action                   |  1- 3 |  4- 6 |  7- 9 || total
-------------------------+-------+-------+-------++-------
Melee: Dagger            |     4 |     9 |    64 ||    77
       Punch             |       |       |     4 ||     4
 Cast: Confusing Touch   |       |       |    10 ||    10
       Ensorcelled Hiber |       |       |     4 ||     4
  Use: Potion            |     2 |       |       ||     2
 Stab: Sleeping          |     4 |     3 |       ||     7
       Invisible         |       |     3 |     4 ||     7
       Confused          |       |       |     8 ||     8
Armor: Robe              |       |       |     1 ||     1
Dodge: Dodged            |       |     3 |    43 ||    46
